 Dungeon Crawl Stone Soup version 0.30-a0-1102-g2dbb833546 (webtiles) character file.

Game seed: 8202588981960982853

957 Ijustatesigmund the Thaumaturge (level 7, -3/31 (37) HPs)
             Began as a Deep Elf Conjurer on Apr 18, 2023.
             Was an Initiate of Vehumet.
             Slain by a wight
             ... wielding a +3 flail
              (7 damage)
             ... on level 5 of the Dungeon.
             The game lasted 00:15:06 (7297 turns).

Ijustatesigmund the Thaumaturge (Deep Elf Conjurer) Turns: 7297, Time: 00:15:07

HP:   -3/31 (37)    AC:  9    Str:  4    XL:     7   Next: 91%
MP:   0/20          EV: 12    Int: 25    God:    Vehumet [......]
Gold: 345           SH:  0    Dex: 13    Spells: 15/22 levels left

rFire   . . .      SeeInvis .    s - +0 arbalest (freeze)
rCold   . . .      Faith    .    (shield currently unavailable)
rNeg    . . .      Spirit   .    a - +0 robe
rPois   .          Reflect  .    h - +1 helmet
rElec   .          Rampage  .    (no cloak)
rCorr   .                        l - +0 pair of gloves
Will    .....                    (no boots)
Stlth   ++                       (no amulet)
HPRegen 0.25/turn                e - +4 ring of protection
MPRegen 0.17/turn                (no ring)

@: heavily drained
A: no striking features
a: Renounce Religion


You were on level 5 of the Dungeon.
You worshipped Vehumet.
Vehumet was noncommittal.
You visited 2 branches of the dungeon, and saw 7 of its levels.
You also visited: Sewer.

You collected 345 gold pieces.

Inventory:

Hand Weapons
 c - a +3 mace
 m - a +0 broad axe
 s - a +0 arbalest of freezing (weapon)
Missiles
 o - 3 throwing nets
Armour
 a - a +0 robe (worn)
 h - a +1 helmet (worn)
 l - a +0 pair of gloves (worn)
Magical Staves
 j - a staff of earth
Jewellery
 e - a +4 ring of protection (left hand)
 g - a ring of ice
Scrolls
 k - 3 scrolls of poison
 p - a scroll of blinking
 q - 5 scrolls of magic mapping
 t - 2 scrolls of identify
 x - a scroll of summoning {unknown}
Potions
 b - 2 potions of magic
 f - 2 potions of attraction
 i - a potion of berserk rage
 n - a potion of brilliance
 r - a potion of lignification
 u - a potion of invisibility
 v - 2 potions of might
 w - a potion of curing {unknown}


   Skills:
 - Level 0.4 Fighting
 + Level 3.1 Ranged Weapons
 - Level 2.4 Dodging
 - Level 2.4 Stealth
 + Level 8.1 Spellcasting
 + Level 6.1 Conjurations
 + Level 5.2 Translocations
 + Level 0.8 Evocations


You had 15 spell levels left.
You knew the following spells:

 Your Spells              Type           Power      Damage    Failure   Level
a - Magic Dart            Conj           100%       1d8       1%          1
b - Searing Ray           Conj           80%        2d7       1%          2
c - Iskenderun's Mystic   Conj/Tloc      38%        2d9       6%          4

Your spell library contained the following spells:

 Spells                   Type           Power      Damage    Failure   Level
 Dazzling Flash           Conj/Hex       50%        N/A       4%          3
 Fulminant Prism          Conj/Hex       12%        3d8       17%         4
 Inner Flame              Hex/Fire       10%        N/A       19%         3
 Petrify                  Tmut/Erth      10%        N/A       52%         4
 Metabolic Englaciation   Hex/Ice        5%         N/A       86%         5
 Yara's Violent Unravell  Hex/Tmut       5%         3d4       86%         5
 Statue Form              Tmut/Erth      6%         N/A       100%        6
 Enfeeble                 Hex            5%         N/A       100%        7


Dungeon Overview and Level Annotations

Branches:
Dungeon (6/15)             Temple (1/1) D:5           Sewer (visited)

Altars:
Ashenzari
Cheibriados
Dithmenos
Elyvilon
Fedhas
Gozag
Hepliaklqana
Kikubaaqudgha
Makhleb
Nemelex Xobeh
Okawaru
Qazlal
Sif Muna
Trog
Uskayaw
Vehumet
Wu Jian
Xom
Yredelemnul
Zin
The Shining One

Annotations:
D:5 2 transporters, Lipa's ghost, amateur NaFi


Message History

The spell is quite dangerous to miscast (6% risk of failure)!
Continue anyway?
You erupt in a blast of force!
The mystic blast hits the wight!
The wight is severely damaged.
The wight is knocked back by the mystic blast.
You are too injured to fight recklessly!
Fire: s) +0 arbalest (freeze)
Press: ? - help, Q - select action, (/) - cycle Shift-Dir - straight line, f - wight
Aim: a wight, wielding a +3 flail and wearing a +0 robe (severely damaged, 50% to hit)
You shoot a bolt. The bolt closely misses the wight.
Fire: s) +0 arbalest (freeze)
Press: ? - help, Q - select action, (/) - cycle Shift-Dir - straight line, f/p - wight
Aim: a wight, wielding a +3 flail and wearing a +0 robe (severely damaged, 50% to hit)
You shoot a bolt. The bolt barely misses the wight.
The wight closely misses you. x2
Your magical contamination has completely faded away.
Casting: Iskenderun's Mystic Blast (quite dangerous; 6% risk of failure)
Confirm with . or Enter, or press ? or * to list all spells.
Aiming: Searing Ray (safe; 1% risk of failure)
Press: ? - help, Shift-Dir - straight line, f/p - wight
Aim: a wight, wielding a +3 flail and wearing a +0 robe (severely damaged, 82% to hit)
The searing ray hits the wight.
The wight is almost destroyed. (Press . to maintain the ray.)
The wight hits you with a +3 flail!
* * * LOW HITPOINT WARNING * * *
You feel drained.
* * * LOW HITPOINT WARNING * * *
You aren't carrying any items that you can evoke.
Unknown command.
You feel much better. The wight hits you with a +3 flail!
You feel drained.
Fire: s) +0 arbalest (freeze)
Press: ? - help, Q - select action, (/) - cycle Shift-Dir - straight line, f/p - wight
Aim: a wight, wielding a +3 flail and wearing a +0 robe (almost destroyed, 50% to hit)
You shoot a bolt. The bolt closely misses the wight.
The wight hits you with a +3 flail!
* * * LOW HITPOINT WARNING * * *
You feel drained.
* * * LOW HITPOINT WARNING * * *
The wight hits you with a +3 flail!
You die...

###....................#.......#.
# #........#(..........##.####.#.
# #.............#####..##.####.#.
# ###..#.#.....## #..##.#...... #
#..#.#.....# #..##.#.##.##
#####..#.#.....######..##.#.##.#
.......#.#.#[#.#.......##.#.##.#
######.#+#.#.#.#.###...##.#.##.#
...# #.....#....@.#....##.#.##.#
##.# #.........z.[.....##.#.##.#
##.# #....####.#..#..#.##.#.##.#
...# #.................##.#.##.##
...###....#####......####.#.##...
.....#....'.#....>...# #.#)###.#
...#.#....#.#........# #.#.# #.#
.#.#.#.#....#..⌠.⌠.⌠.# #.#.# #.#
.....#.#.#..#..8.8.8.####.#.###.#


You could see a wight.

Vanquished Creatures
  A water moccasin (Sewer)
  2 ogres
  A gnoll sergeant (D:5)
  A scorpion (D:5)
  2 wights
  2 hounds
  2 jellies (D:4)
  An orc priest (D:4)
  A gnoll bouda (D:5)
  An iguana (D:4)
  2 adders (D:4)
  8 gnolls
  A shadow imp (D:5)
  A white imp (D:5)
  An ufetubus (D:5)
  4 worms
  5 dart slugs
  11 orcs
  6 ball pythons
  7 endoplasms
  5 giant cockroaches
  5 goblins
  9 hobgoblins
  10 jackals
  7 kobolds
  4 quokkas
  6 bats
  A frilled lizard (D:2)
  6 rats
113 creatures vanquished.

Notes
Turn   | Place    | Note
-------+----------+-------------------------------------------
     0 | D:1      | Ijustatesigmund the Deep Elf Conjurer began the quest for
                  | the Orb.
     0 | D:1      | Reached XP level 1. HP: 10/10 MP: 6/6
   205 | D:1      | Reached XP level 2. HP: 15/15 MP: 3/8
   208 | D:1      | Learned a level 2 spell: Searing Ray
   528 | D:1      | Found a faded altar of an unknown god.
   712 | D:1      | Reached skill level 4 in Spellcasting
   774 | D:1      | Reached XP level 3. HP: 19/19 MP: 7/10
   806 | D:1      | Reached skill level 5 in Conjurations
  1630 | D:2      | Found a shadowy altar of Dithmenos.
  2116 | D:3      | Found a glowing drain.
  2137 | D:3      | Reached XP level 4. HP: 24/24 MP: 0/12
  2150 | Sewer    | Entered a sewer
  2237 | Sewer    | Learned a level 4 spell: Iskenderun's Mystic Blast
  2313 | Sewer    | Noticed a water moccasin
  2323 | Sewer    | Killed a water moccasin
  2324 | Sewer    | Reached skill level 5 in Spellcasting
  2324 | Sewer    | Reached XP level 5. HP: 6/28 MP: 2/15
  2329 | Sewer    | HP: 1/28 [poisoned by a water moccasin]
  3445 | D:4      | Reached skill level 6 in Spellcasting
  3588 | D:4      | Reached XP level 6. HP: 32/32 MP: 10/17
  4254 | D:4      | Reached skill level 7 in Spellcasting
  5318 | D:5      | Entered Level 5 of the Dungeon
  5332 | D:4      | Reached XP level 7. HP: 29/37 MP: 9/19
  5404 | D:5      | Reached skill level 1 in Ranged Weapons
  5956 | D:5      | Reached skill level 5 in Translocations
  6113 | D:5      | Found a staircase to the Ecumenical Temple.
  6122 | Temple   | Entered the Ecumenical Temple
  6157 | Temple   | Became a worshipper of Vehumet
  6422 | D:5      | Found a transporter.
  6422 | D:5      | Noticed Lipa's ghost (amateur NaFi)
  6711 | D:5      | Found a transporter.
  7182 | D:6      | Reached skill level 8 in Spellcasting
  7297 | D:5      | Slain by a wight

Illustrated notes

Levels and vault maps discovered:
D:1:      sevenhm_arrival_forest_fort_small_3, layout_loops_ring,
          hellmonk_ecumenical_altar_dog_temple
D:2:      layout_basic, basic_altar
D:3:      minmay_spotlight, layout_basic, cheibrodos_sewer_entry_drain
D:4:      layout_layer_cave, serial_glass, glass_columns_c, glass_columns_b
D:5:      layout_basic, minmay_temple_entry_drinking_statues,
          gammafunk_ghost_smash, minmay_misc_feat_pillars
D:6:      wander_river, layout_loops_ring, mainiacjoe_overflow_tiny_flanked
Temple:   nicolae_temple_the_god_donut

Skill      XL: |  1  2  3  4  5  6  7 |
---------------+----------------------+-----
Spellcasting   | 4 5 6 7 8 |  8.1
Conjurations   | 5 6 |  6.1
Translocations | 2 3 4 5 |  5.2
Ranged Weapons | 3 |  3.1
Fighting       | |  0.4
Dodging        | |  2.4
Stealth        | |  2.4
Evocations     | |  0.8

Action                     |  1- 3 |  4- 6 |  7- 9 || total
---------------------------+-------+-------+-------++-------
  Melee: Broad axe         |     3 |     1 |       ||     4
   Fire: Arbalest          |       |     3 |    32 ||    35
   Cast: Magic Dart        |    85 |    89 |       ||   174
         Searing Ray       |     3 |    13 |     4 ||    20
         Iskenderun's Myst |       |       |    20 ||    20
    Use: Scroll            |     3 |     8 |     1 ||    12
         Potion            |       |     6 |     1 ||     7
 Armour: Robe              |     3 |     4 |    11 ||    18
  Dodge: Dodged            |     7 |     7 |    23 ||    37

Table legend: (Time is in decaauts)
 A = Elapsed time spent in this place.
 B = Non-inter-level travel time spent in this place.
 C = Inter-level travel time spent in this place.
 D = Time resting spent in this place.
 E = Time spent auto-exploring this place.
 F = Levels seen in this place.
 G = Mean time per level.
                   A        B        C        D        E       F      G
               +--------+--------+--------+--------+--------+-----+--------+
         Total |   7346 |   7165 |    181 |   1890 |   4614 |   8 |  918.2 |
       Dungeon |   6557 |   6406 |    151 |   1527 |   4293 |   6 | 1092.8 |
        Temple |    265 |    236 |     29 |      0 |    217 |   1 |  265.0 |
         Sewer |    523 |    523 |      0 |    363 |    104 |   1 |  523.0 |
               +--------+--------+--------+--------+--------+-----+--------+

Top non-repeatable levels by time:
     D:4: 1955 daAuts
     D:5: 1660 daAuts
     D:1: 1250 daAuts
     D:3: 890 daAuts
     D:2: 785 daAuts
   Sewer: 523 daAuts
  Temple: 265 daAuts
     D:6: 13 daAuts
